 Dungeon Crawl Stone Soup version 0.30.1-9-gdf580d7c3d (webtiles) character file.

Game seed: 9264634309036920538

2192 Wiggles the Cleaver (level 9, 0/79 HPs)
             Began as a Minotaur Berserker on Oct 3, 2023.
             Was a Priest of Trog.
             Succumbed to a water moccasin's poison
             ... on level 7 of the Dungeon.
             The game lasted 00:08:38 (5773 turns).

Wiggles the Cleaver (Minotaur Berserker)            Turns: 5773, Time: 00:08:39

Health: 0/79       AC: 12    Str: 22 (25) XL:     9   Next: 12%
Magic:  8/8        EV:  9    Int:  1 (4)  God:    Trog [***...]
Gold:   330        SH:  0    Dex: 10 (11) Spells: 8/8 levels left

rFire   . . .        x - +0 war axe
rCold   . . .        (no shield)
rNeg    . . .        t - +0 chain mail
rPois   .            (helmet restricted)
rElec   .            (no cloak)
rCorr   .            (no gloves)
SInv    .            A - +0 pair of boots
Will    .....        r - amulet of the acrobat Stlth
                     z - ring of flight
HPRegen 0.33/turn    (no ring)
MPRegen 0.11/turn

%: acrobat
@: mighty, lethally poisoned (0 -> -2), on berserk cooldown, flying, slowed,
very slow
A: horns 2, retaliatory headbutt
a: Renounce Religion, Berserk, Trog's Hand


You were on level 7 of the Dungeon.
You worshipped Trog.
Trog was most pleased with you.
You visited 1 branch of the dungeon, and saw 7 of its levels.

You collected 330 gold pieces.

Inventory:

Hand Weapons
 x - a +0 war axe (weapon)
Armour
 t - a +0 chain mail (worn)
 A - a +0 pair of boots (worn)
Jewellery
 r - an amulet of the acrobat (around neck)
 z - a ring of flight (left hand)
Wands
 a - a wand of quicksilver (7)
 v - a wand of flame (9)
 B - a wand of polymorph (9)
Scrolls
 f - a scroll of enchant weapon {unknown}
 h - a scroll of magic mapping {unknown}
 i - 2 scrolls of enchant armour {unknown}
 m - a scroll of butterflies {unknown}
 n - 2 scrolls of fog {unknown}
 o - 2 scrolls of amnesia {unknown}
 p - 6 scrolls of identify {unknown}
 q - 6 scrolls of teleportation {unknown}
 u - 2 scrolls of noise {unknown}
 y - a scroll of fear {unknown}
 C - 2 scrolls of blinking {unknown}
 D - a scroll of immolation {unknown}
 G - a scroll of vulnerability {unknown}
Potions
 b - a potion of degeneration
 c - 2 potions of curing {unknown}
 d - 2 potions of lignification {unknown}
 e - a potion of haste {unknown}
 g - 3 potions of might
 j - 2 potions of mutation {unknown}
 k - 3 potions of berserk rage
 l - 2 potions of cancellation {unknown}
 s - 2 potions of heal wounds {unknown}
 w - a potion of attraction {unknown}
 E - a potion of invisibility {unknown}
 F - 2 potions of magic {unknown}


   Skills:
 + Level 7.1 Fighting
 + Level 10.1 Axes
 + Level 8.2 Armour
 + Level 4.2 Dodging
 + Level 1.3 Stealth


You had 8 spell levels left.
You didn't know any spells.
Your spell library was empty.

Dungeon Overview and Level Annotations

Branches:
Dungeon (7/15)             Temple (0/1) D:7

Altars:
Elyvilon
Fedhas
Makhleb
Qazlal
Uskayaw
Wu Jian
Xom
Zin
The Shining One

Shops:
D:1 [[?   D:3 :   D:6 *   D:7 =*


Innate Abilities, Weirdness & Mutations

You have a pair of horns on your head.
You reflexively headbutt those who attack you in melee.


Message History

The water moccasin poisons you!
You miss the water moccasin.
Your headbutt misses the water moccasin.
The water moccasin is moderately wounded.
You feel very sick.
The water moccasin bites you but does no damage.
The water moccasin bites you.
You slice the water moccasin!!
Your headbutt misses the water moccasin.
The water moccasin is almost dead.
You feel very sick. The water moccasin bites you.
* * * LOW HITPOINT WARNING * * *
You are lethally poisoned!
The water moccasin poisons you!
The water moccasin bites you but does no damage.
You miss the water moccasin.
The water moccasin is almost dead.
* * * LOW HITPOINT WARNING * * *
You feel very sick.
The water moccasin bites you but does no damage. x3
You slash the water moccasin!
You kill the water moccasin!
Trog accepts your kill.
* * * LOW HITPOINT WARNING * * *
You feel very sick.
* * * LOW HITPOINT WARNING * * *
You feel very sick.
It was a potion of might.
You feel very mighty all of a sudden.
* * * LOW HITPOINT WARNING * * *
You feel sick.
It was a potion of berserk rage.
You're still recovering from your berserk rage.
* * * LOW HITPOINT WARNING * * *
You feel sick.
It was a potion of degeneration.
There was something very wrong with that liquid.
You feel weakened.
You feel dopey.
You feel clumsy.
You die...

..##..## #..# #.....>.....#....
#.###..###..# #..##......###..#
#..###..#..####.... ##.###.##..##
##......#.##..###+## ### ###..##.
#####....#....#...# ##...##..
##........#.∩.######....##..
#........#...#........#.#..
###......##†##..#.#...#.##.
###........@.....####....###
##......###...)...## #....# #
#....#......<......###..#####
######.......#........###....###.
#.#...#.....##................#..
......#......#.........###).#.#..
...................###+###)##.#..
.#......#..........#.....#.#####.
.#....####.).......#.⌠.⌠.#.######


There were no monsters in sight!

Vanquished Creatures
  A steam dragon (D:6)
  2 water moccasins (D:7)
  An orc warrior (D:7)
  A black bear (D:7)
  3 ice beasts
  A centaur (D:7)
  A kobold brigand (D:7)
  4 bullfrogs
  4 scorpions
  A howler monkey (D:6)
  A crimson imp (D:4)
  3 jellies
  3 hounds
  3 sleepcaps
  3 iguanas
  3 orc wizards (D:7)
  4 gnolls (D:5)
  8 adders
  2 shadow imps
  A white imp (D:6)
  An ufetubus (D:7)
  A worm (D:4)
  4 dart slugs
  8 orcs
  6 ball pythons
  7 bats
  8 endoplasms
  5 giant cockroaches
  9 goblins
  5 hobgoblins
  6 kobolds
  7 quokkas
  A frilled lizard (D:3)
  5 rats
123 creatures vanquished.

Notes
Turn   | Place    | Note
-------+----------+-------------------------------------------
     0 | D:1      | Wiggles the Minotaur Berserker began the quest for the Orb.
     0 | D:1      | Reached XP level 1. HP: 19/19 MP: 0/0
   100 | D:1      | Reached XP level 2. HP: 27/27 MP: 1/1
   101 | D:1      | Reached skill level 4 in Axes
   101 | D:1      | Found a faded altar of an unknown god.
   178 | D:1      | Found Wusylido's Magic Scroll Shoppe.
   373 | D:1      | Found Feteulou's Antique Armour Shop.
   677 | D:1      | Found Meloraji's Armour Emporium.
   829 | D:2      | Found an ornate altar of the Wu Jian Council.
   848 | D:2      | Reached XP level 3. HP: 19/33 MP: 2/2
  1201 | D:2      | Reached ** piety under Trog
  1399 | D:3      | Reached XP level 4. HP: 35/41 MP: 3/3
  1433 | D:3      | Found Liafao's Book Shoppe.
  1489 | D:3      | Found a stormy altar of Qazlal.
  1783 | D:3      | Found a glowing silver altar of Zin.
  1823 | D:3      | Reached skill level 5 in Fighting
  1823 | D:3      | Reached XP level 5. HP: 48/48 MP: 4/4
  2002 | D:4      | Identified the +3 long sword "Ilaghouw" {flame, rCorr
                  | Dex+4}
  2133 | D:4      | Reached skill level 5 in Axes
  2522 | D:4      | Reached XP level 6. HP: 33/56 MP: 5/5
  2725 | D:4      | Found a burning altar of Makhleb.
  2725 | D:4      | Found a shimmering altar of Xom.
  2768 | D:4      | Reached *** piety under Trog
  2976 | D:5      | Entered Level 5 of the Dungeon
  3031 | D:5      | Found a blossoming altar of Fedhas.
  3368 | D:5      | Reached skill level 6 in Axes
  3390 | D:5      | Found a white marble altar of Elyvilon.
  3487 | D:5      | Reached skill level 5 in Armour
  3487 | D:5      | Reached XP level 7. HP: 55/61 MP: 6/6
  3813 | D:6      | Reached skill level 1 in Stealth
  3817 | D:6      | Noticed a steam dragon
  3829 | D:6      | Reached skill level 7 in Axes
  3832 | D:6      | Killed a steam dragon
  4087 | D:6      | Reached XP level 8. HP: 69/70 MP: 7/7
  4259 | D:6      | Found Rurip's General Store.
  4613 | D:7      | Reached skill level 8 in Axes
  4736 | D:7      | Found a staircase to the Ecumenical Temple.
  4896 | D:7      | Found Geyratt's Jewellery Boutique.
  5065 | D:7      | Found a hide-covered altar of Uskayaw.
  5117 | D:7      | Found a glowing golden altar of the Shining One.
  5309 | D:7      | Reached skill level 9 in Axes
  5750 | D:7      | Found Wistruovu's Serpentskin Sales.
  5758 | D:7      | Reached skill level 10 in Axes
  5758 | D:7      | Reached XP level 9. HP: 61/78 MP: 8/8
  5771 | D:7      | HP: 2/79 [poisoned by a water moccasin]
  5773 | D:7      | Succumbed to a water moccasin's poison

Illustrated notes

Levels and vault maps discovered:
D:1:      minmay_arrival_radiant_lines, layout_loops_ring, serial_shops,
          nicolae_shop_waterfront, nicolae_shop_tiny_waterfront, shop,
          shapermc_ecumenical_altar_pompeii
D:2:      layout_rooms, basic_altar
D:3:      layout_rooms, marbit_many_paths, overflow_temple_1_default,
          serial_shops, nicolae_shop_waterfront, chequers_serial_rivers_large_a
D:4:      layout_cave_pods, grunt_temple_overflow_champion_of_chaos,
          minmay_misc_feat_four_crosses
D:5:      layout_loops_cross, elyvilon_altar_4, mainiacjoe_overflow_alcove_2
D:6:      layout_loops_cross, serial_shops, shop, minmay_crossroads
D:7:      kennysheep_six_static_rooms, layout_cave_pools,
          nicolae_uskayaw_murder_on_the_dancefloor, tso_metal_star,
          minmay_temple_entry_hall, serial_shops, nicolae_shop_window_shopping,
          guppyfry_shop_venom

Skill      XL: |  1  2  3  4  5  6  7  8  9 |
---------------+----------------------------+-----
Axes           | 4 5 6 7 10 | 10.1
Fighting       | 4 5 6 7 |  7.1
Armour         | 3 4 5 6 8 |  8.2
Dodging        | 3 4 |  4.2
Stealth        | 1 |  1.3

Action                     |  1- 3 |  4- 6 |  7- 9 || total
---------------------------+-------+-------+-------++-------
  Melee: Hand axe          |    80 |    62 |       ||   142
         Headbutt          |    10 |    17 |    24 ||    51
         War axe           |       |    47 |   142 ||   189
         Punch             |       |       |     2 ||     2
 Invoke: Berserk           |       |     1 |     3 ||     4
    Use: Potion            |       |       |     3 ||     3
 Armour: Animal skin       |     4 |       |       ||     4
         Leather armour    |    13 |     1 |       ||    14
         Chain mail        |       |    34 |    87 ||   121
  Dodge: Dodged            |    61 |    76 |    77 ||   214
